 Dungeon Crawl Stone Soup version 0.29.0-5-ge4962eb29e (webtiles) character file.

Game seed: 16295725295190669807

14936 Arum the Basher (level 12, 0/90 (99) HPs)
             Began as a Formicid Fighter on Aug 28, 2022.
             Was the Champion of the Shining One.
             Slain by a fire giant
             ... wielding a +2 great sword of flaming
              (1 damage)
             ... on level 11 of the Dungeon.
             The game lasted 00:25:34 (12561 turns).

Arum the Basher (Formicid Fighter)                 Turns: 12561, Time: 00:25:34

HP:   0/90 (99)     AC: 18    Str: 38    XL:     12   Next: 51%
MP:   12/12         EV: 10    Int:  9    God:    the Shining One [******]
Gold: 801           SH:  6    Dex: 10    Spells: 11/11 levels left

rFire   . . .      SeeInvis +   o - +6 hammer of Mehai {venom, rC+ Dex+2}
rCold   + . .      Faith    .   c - +0 buckler
rNeg    + + +      Spirit   .   F - +0 chain mail of Inevitability {Str+7 Dex-5 Slay+2}
rPois   +          Reflect  .   (helmet unavailable)
rElec   .          Harm     .   k - +2 cloak
rCorr   .          Rampage  .   a - +0 pair of gloves
Will    +....                   G - +0 pair of boots {Fly}
Stlth   ..........              (no amulet)
HPRegen 0.25/turn               f - +6 ring of strength
MPRegen 0.13/turn               t - ring of poison resistance

@: flying, glowing, drained
A: permanent stasis, dig shafts and tunnels, antennae 3, four strong arms
a: Dig, Shaft Self, Renounce Religion, Divine Shield, Cleansing Flame, Summon
Divine Warrior, Brand Weapon With Holy Wrath


You were on level 11 of the Dungeon.
You worshipped the Shining One.
The Shining One was exalted by your worship.
You visited 2 branches of the dungeon, and saw 13 of its levels.
You also visited: Sewer, Ossuary and Bailey.

You collected 1011 gold pieces.
You spent 210 gold pieces at shops.

Inventory:

Hand Weapons
 h - a +3 flail
 o - the +6 hammer of Mehai (weapon) {venom, rC+ Dex+2}
   (You found it on level 2 of the Dungeon)

   It poisons the flesh of those it strikes.
   Dex:       It affects your dexterity (+2).
   rC:        It protects you from cold.
 p - the +6 shillelagh "Devastator" {shatter}
   (You found it on level 8 of the Dungeon)

   It releases a powerful concussive burst when it strikes, dealing extra damage
   to the target and all other foes adjacent to them.
 C - a +1 vorpal giant spiked club
Armour
 a - a +0 pair of gloves (worn)
 c - a +0 buckler (worn)
 k - a +2 cloak (worn)
 F - the +0 chain mail of Inevitability (worn) {Str+7 Dex-5 Slay+2}
   (You found it in a bailey)

   Str:       It affects your strength (+7).
   Dex:       It affects your dexterity (-5).
   Slay:      It affects your accuracy & damage with ranged weapons and melee
   (+2).
 G - a +0 pair of boots of flying (worn)
 I - a +0 plate armour of willpower
Jewellery
 b - a ring of resist corrosion
 f - a +6 ring of strength (left hand)
 t - a ring of poison resistance (right hand)
 N - a ring of ice
Wands
 w - a wand of iceblast (6)
 D - a wand of polymorph (9)
Scrolls
 e - 4 scrolls of butterflies
 g - a scroll of fear
 i - a scroll of magic mapping
 l - a scroll of poison
 m - 3 scrolls of enchant weapon
 q - 3 scrolls of noise
 x - 2 scrolls of vulnerability
 y - 4 scrolls of identify
 A - 6 scrolls of enchant armour
 L - a scroll of brand weapon
Potions
 d - 4 potions of might
 j - a potion of brilliance
 n - 3 potions of curing
 r - 3 potions of mutation
 s - 3 potions of attraction
 u - 2 potions of ambrosia
 v - 2 potions of resistance
 z - 3 potions of flight
 B - a potion of magic
 E - 4 potions of lignification
 H - 2 potions of cancellation
Miscellaneous
 J - a piece from Xom's chessboard (15/15)
 K - a box of beasts


   Skills:
 + Level 10.8 Fighting
 + Level 11.4 Maces & Flails
 - Level 0.1 Throwing
 + Level 11.1 Armour
 - Level 2.2 Dodging
 - Level 2.0 Stealth
 + Level 11.1 Shields
 - Level 1.4 Unarmed Combat


You had 11 spell levels left.
You didn't know any spells.
Your spell library contained the following spells:

 Spells                   Type           Power      Damage    Failure   Level
 Apportation              Tloc           0%         N/A       80%         1
 Necrotise                Necr           0%         1d4       80%         1
 Shock                    Conj/Air       0%         1d3       80%         1
 Summon Small Mammal      Summ           0%         N/A       80%         1
 Ensorcelled Hibernation  Hex/Ice        0%         N/A       90%         2
 Passwall                 Tmut/Erth      0%         N/A       90%         2
 Conjure Flame            Conj/Fire      0%         6-21      99%         3
 Gell's Gravitas          Tloc           0%         N/A       99%         3
 Ignite Poison            Fire/Tmut/Pois 0%         N/A       99%         3
 Mephitic Cloud           Conj/Pois/Air  0%         N/A       99%         3
 Spider Form              Tmut/Pois      0%         N/A       99%         3
 Teleport Other           Tloc           0%         N/A       99%         3
 Airstrike                Air            0%         2d(0-16)  100%        4
 Anguish                  Hex/Necr       0%         N/A       100%        4
 Animate Armour           Summ/Erth      0%         N/A       100%        4
 Sticky Flame             Conj/Fire      0%         2d3       100%        4
 Blade Hands              Tmut           0%         N/A       100%        5
 Freezing Cloud           Conj/Ice/Air   0%         6-21      100%        5
 Manifold Assault         Tloc           0%         N/A       100%        5
 Dispersal                Tloc           0%         N/A       100%        6
 Iron Shot                Conj/Erth      0%         9d1       100%        6
 Storm Form               Tmut/Air       0%         N/A       100%        7
 Blink                    Tloc           Unusable   N/A       N/A         2
 Swiftness                Air            Unusable   N/A       N/A         3

Dungeon Overview and Level Annotations

Branches:
Dungeon (12/15)            Temple (1/1) D:4            Lair (0/5) D:8
    Orc (0/2) D:9           Sewer (visited)         Ossuary (visited)
 Bailey (visited)

Altars:
Ashenzari
Cheibriados
Dithmenos
Elyvilon
Fedhas
Gozag
Hepliaklqana
Kikubaaqudgha
Makhleb
Nemelex Xobeh
Okawaru
Qazlal
Ru
Sif Muna
Trog
Uskayaw
Vehumet
Wu Jian
Xom
Yredelemnul
Zin
The Shining One

Shops:
D:5 (   D:10 !


Innate Abilities, Weirdness & Mutations

You cannot be hasted, slowed, berserked, paralysed or teleported.
You can dig through walls and to a lower floor.
You have a pair of large antennae on your head. (SInv)
Your four strong arms can wield two-handed weapons with a shield.


Message History

There is a stone staircase leading up, spattered with blood here.
Unknown command.
The troll bites you! The troll barely misses you.
The troll claws you but does no damage.
The fire giant hits you with a +2 great sword of flaming.
The fire giant burns you.
The phantasmal warrior hits you but does no damage.
You fly upwards.
There is a stone staircase leading down here.
You extend your mandibles.
You dig through the rock wall.
You feel drained.
The fire giant hits you but does no damage.
The troll barely misses you. You block the troll's attack. x2
The phantasmal warrior gestures at you.
The phantasmal warrior blinks!
You dig through the rock wall.
You feel drained.
The fire giant attacks as you move away!
The fire giant closely misses you.
You dig through the rock wall.
You feel drained.
The fire giant attacks as you move away!
The fire giant hits you with a +2 great sword of flaming.
The fire giant burns you.
Okay, then.
Unknown command.
You retract your mandibles.
You thump the fire giant!
The fire giant is poisoned.
The fire giant is lightly wounded.
The fire giant hits you with a +2 great sword of flaming.
The fire giant burns you.
You hit the fire giant but do no damage.
The fire giant looks as sick as possible!
The fire giant is lightly wounded.
The fire giant points at you and mumbles some strange words.
The bolt of fire hits you!!!
* * * LOW HITPOINT WARNING * * *
Are you sure you want to shaft yourself?
The fire giant hits you with a +2 great sword of flaming.
* * * LOW HITPOINT WARNING * * *
The fire giant burns you.
You die...

#.....# ##...# ##### #######.###
###.# #.... #....)....# #.# #....
###.........# #.# #....
#....)).....########.#######....
##.#.))....W...{T...........'....
.(.#.........###{#####.######....
.###.........# ##C# #...# #....
## #<........# #@## ###.# #####
#.........# ### #.# #######.###
#.# ##.....# #.# #####.....## #.#
..........# ########.## ##
#####.....# #.........######.
#.....#######..(.............
#.....................#######


You could see a fire giant (extremely poisoned).

Vanquished Creatures
  2 boulder beetles (D:11)
  3 two-headed ogres
  A centaur warrior (D:12)
  Pikel (D:5)
  2 deep elf pyromancers
  An elephant (D:8)
  2 cyclopes (D:11)
  A manticore (D:10)
  Maggie (D:9)
  An unseen horror (D:10)
  2 gargoyles
  A kobold demonologist (D:9)
  A tarantella (shapeshifter) (D:12)
  A shadow (D:9)
  A vampire (Bailey)
  A wraith (D:11)
  A wyvern (D:10)
  A yak (D:8)
  Eustachio (D:5)
  3 vampire mosquitoes (D:12)
  2 steam dragons
  A water moccasin (D:6)
  2 acid dragons
  2 orc warriors (D:9)
  An ice beast (D:7)
  3 black bears
  4 ogres
  4 centaurs
  4 phantoms
  A lemure (D:5)
  4 kobold brigands
  4 bullfrogs
  A gnoll sergeant (D:11)
  A necrophage (D:5)
  2 scorpions
  3 wights (D:8)
  A troll zombie (D:9)
  8 killer bees
  7 electric eels (D:10)
  6 vampire bats (Bailey)
  3 howler monkeys (D:10)
  5 wolf zombies (Bailey)
  A crimson imp (D:9)
  A lava snake (D:12)
  A hound (D:5)
  A gnoll bouda (D:4)
  8 orc priests
  Crazy Yiuf (D:2)
  A jelly (D:6)
  4 iguanas
  10 orc wizards
  5 ogre zombies (D:9)
  8 mummies (Ossuary)
  Robin (D:3)
  16 gnolls
  12 adders
  3 river rats
  2 white imps (D:6)
  2 ufetubi
  5 dart slugs
  37 orcs
  6 ball pythons
  6 bats
  7 endoplasms
  6 giant cockroaches
  3 gnoll zombies (Ossuary)
  26 goblins
  16 hobgoblins
  9 jackals
  4 quokkas
  6 frilled lizards
  2 goblin zombies (D:9)
  2 hobgoblin skeletons (D:9)
  5 hobgoblin zombies
  23 kobolds
  2 kobold zombies (Ossuary)
  An orc skeleton (D:9)
  32 orc zombies
  14 rats
386 creatures vanquished.

Vanquished Creatures (collateral kills)
  A gnoll bouda (D:6)
  2 orc wizards (D:8)
  A gnoll (D:6)
  3 orcs (D:8)
7 creatures vanquished.

Vanquished Creatures (others)
  12 plants
12 creatures vanquished.

Grand Total: 405 creatures vanquished

Notes
Turn   | Place    | Note
-------+----------+-------------------------------------------
     0 | D:1      | Arum the Formicid Fighter began the quest for the Orb.
     0 | D:1      | Reached XP level 1. HP: 18/18 MP: 1/1
    67 | D:1      | Reached XP level 2. HP: 21/24 MP: 2/2
   218 | D:1      | Reached XP level 3. HP: 30/30 MP: 3/3
   764 | D:2      | Identified the +0 leather armour of Complete Protection
                  | {Dex-2 Slay+2 SInv}
   786 | D:2      | Identified the +6 hammer of Mehai {venom, rC+ Dex+2}
   789 | D:2      | Found a runed translucent door.
   790 | D:2      | Noticed Crazy Yiuf
   799 | D:2      | Killed Crazy Yiuf
   800 | D:2      | Reached XP level 4. HP: 30/37 MP: 4/4
  1087 | D:2      | Reached XP level 5. HP: 41/42 MP: 5/5
  1125 | D:2      | Found a faded altar of an unknown god.
  1131 | D:2      | You fall into a shaft and drop 2 floors!
  1425 | D:4      | Noticed an ogre
  1434 | D:4      | Killed an ogre
  1435 | D:4      | Reached XP level 6. HP: 49/49 MP: 6/6
  1467 | D:4      | Found a staircase to the Ecumenical Temple.
  1472 | Temple   | Entered the Ecumenical Temple
  1592 | Temple   | Became a worshipper of the Shining One
  1624 | D:4      | Reached skill level 5 in Maces & Flails
  1630 | D:4      | Reached XP level 7. HP: 54/55 MP: 7/7
  1750 | D:4      | Reached skill level 5 in Fighting
  2139 | D:3      | Reached skill level 5 in Armour
  2323 | D:3      | Reached skill level 1 in Dodging
  2326 | D:3      | Reached * piety under the Shining One
  2585 | D:3      | Noticed Robin
  2600 | D:3      | Killed Robin
  3316 | D:2      | Reached XP level 8. HP: 59/59 MP: 8/8
  3477 | D:5      | Entered Level 5 of the Dungeon
  3561 | D:5      | Found a glowing drain.
  3577 | Sewer    | Entered a sewer
  4345 | D:5      | Found Iwkae's Weapon Shoppe.
  4451 | D:5      | Reached skill level 1 in Stealth
  4586 | D:5      | Identified the +1 leather armour of the Dragon {Will+}
  4589 | D:5      | Noticed Eustachio
  4604 | D:5      | Killed Eustachio
  4729 | D:5      | Identified the +0 leather armour of the Distant Future
                  | {rCorr Int+4 Slay+2}
  4811 | D:5      | Reached XP level 9. HP: 65/69 MP: 9/9
  4929 | D:5      | Noticed Pikel
  4941 | D:5      | Killed Pikel
  4942 | D:5      | Reached skill level 1 in Unarmed Combat
  5159 | D:6      | Reached ** piety under the Shining One
  5736 | D:6      | Noticed a deep elf pyromancer
  5741 | D:6      | Killed a deep elf pyromancer
  5742 | D:6      | Reached skill level 5 in Shields
  5800 | D:7      | Found a flagged portal.
  5819 | D:7      | Reached XP level 10. HP: 73/79 MP: 10/10
  5830 | Bailey   | Entered a bailey
  5963 | Bailey   | Reached *** piety under the Shining One
  6040 | Bailey   | Reached **** piety under the Shining One
  6178 | Bailey   | Identified the +0 chain mail of Inevitability {Str+7 Dex-5
                  | Slay+2}
  6327 | Bailey   | Noticed a gargoyle
  6338 | Bailey   | Killed a gargoyle
  7605 | D:8      | Found a sand-covered staircase.
  7611 | Ossuary  | Entered an ossuary
  7647 | Ossuary  | Reached ***** piety under the Shining One
  8148 | D:8      | Found the +6 shillelagh "Devastator" {shatter}
  8230 | D:8      | Found a white marble altar of Elyvilon.
  8278 | D:8      | Noticed an elephant
  8279 | D:8      | Found a staircase to the Lair.
  8291 | D:8      | Killed an elephant
  8292 | D:8      | Reached XP level 11. HP: 84/87 MP: 11/11
  8681 | D:9      | Noticed Maggie
  8686 | D:9      | Reached skill level 10 in Maces & Flails
  8690 | D:9      | Killed Maggie
  8955 | D:9      | Found an ancient bone altar of Kikubaaqudgha.
  9027 | D:9      | Found a staircase to the Orcish Mines.
  9219 | D:9      | Reached ****** piety under the Shining One
  9353 | D:9      | Noticed a two-headed ogre
  9358 | D:9      | Killed a two-headed ogre
  9587 | D:9      | Found an iron altar of Okawaru.
  9617 | D:9      | Found a shimmering altar of Xom.
  9617 | D:9      | Found a burning altar of Makhleb.
  9693 | D:10     | Entered Level 10 of the Dungeon
  9711 | D:10     | Found a large runed translucent door.
  9711 | D:10     | Found a large runed translucent door.
 10116 | D:10     | Reached skill level 10 in Armour
 10326 | D:10     | Found Waeshrypsu's Distillery.
 10332 | D:10     | Bought a potion of resistance for 140 gold pieces
 10332 | D:10     | Bought a potion of heal wounds for 70 gold pieces
 10744 | D:10     | Noticed a manticore
 10754 | D:10     | Killed a manticore
 10931 | D:10     | Found a radiant altar of Vehumet.
 10942 | D:10     | Found a sparkling altar of Nemelex Xobeh.
 11197 | D:11     | Noticed a cyclops
 11203 | D:11     | Killed a cyclops
 11496 | D:11     | Noticed a cyclops
 11507 | D:11     | Killed a cyclops
 11508 | D:11     | Reached skill level 10 in Fighting
 11508 | D:11     | Reached skill level 10 in Shields
 11509 | D:11     | Noticed a boulder beetle
 11521 | D:11     | Killed a boulder beetle
 11522 | D:11     | Reached XP level 12. HP: 58/97 MP: 12/12
 11701 | D:11     | Noticed a two-headed ogre
 11706 | D:11     | Killed a two-headed ogre
 11856 | D:11     | Noticed a two-headed ogre
 11861 | D:11     | Killed a two-headed ogre
 11969 | D:11     | Noticed a boulder beetle
 11982 | D:11     | Killed a boulder beetle
 12195 | D:11     | Identified the +0 sling of Resumed Hostilities {freeze, rC+
                  | rN+++ Str-2 Stlth+}
 12535 | D:12     | Noticed a centaur warrior
 12546 | D:12     | Noticed a fire giant
 12552 | D:12     | Killed a centaur warrior
 12560 | D:11     | HP: 3/90 [fire giant/bolt of fire (42)]
 12561 | D:11     | HP: 1/90 [fire giant/+2 great sword of flaming (2)]
 12561 | D:11     | Slain by a fire giant

Illustrated notes

Levels and vault maps discovered:
D:1:      dpeg_arrival_solitude, layout_rooms, serial_bayou_pond_a
D:2:      layout_basic, hellmonk_ecumenical_altar_heavens_door,
          uniq_crazy_yiuf_cottage
D:3:      kennysheep_goblin_castle, layout_basic,
          minmay_randomly_rotated_circles
D:4:      layout_loops_ring, minmay_temple_entry_wispy, minmay_misc_feat_square,
          chequers_arboretum
D:5:      layout_loops_cross, serial_shops, nicolae_shop_bloodbath_and_beyond,
          portal_sewer_entry_c, uniq_pikel, uniq_eustachio
D:6:      layout_basic, guppyfry_early_elven_hall
D:7:      layout_cave_pods, enter_bailey_5, amethyst_killhole, fountainhead
D:8:      layout_rooms, nicolae_elyvilon_peaceful_grove, david_lair_generic,
          nicolae_ossuary_entry_plus
D:9:      layout_roguey, kennysheep_okawaru_gauntlet,
          mainiacjoe_overflow_six_doors_small,
          grunt_temple_overflow_champion_of_chaos, zombieorc1_lemuel,
          uniq_maggie
D:10:     layout_basic, jmf_multi_god_temple2, serial_shops,
          kennysheep_little_box, minivault_23
D:11:     layout_roguey
D:12:     minmay_mutant_horseshoe, layout_basic
Temple:   regret_index_temple_waves

Skill      XL: |  1  2  3  4  5  6  7  8  9 10 11 12 |
---------------+-------------------------------------+-----
Maces & Flails | 3 4 5 6 7 8 9 10 11 | 11.4
Armour         | 4 5 6 7 9 10 11 | 11.1
Fighting       | 4 5 6 7 8 10 | 10.8
Dodging        | 1 2 |  2.2
Stealth        | 1 2 |  2.0
Unarmed Combat | 1 |  1.4
Shields        | 5 7 10 11 | 11.1
Throwing       | |  0.1

Action                   |  1- 3 |  4- 6 |  7- 9 | 10-12 || total
-------------------------+-------+-------+-------+-------++-------
Melee: Flail             |    73 |       |       |       ||    73
       Mace              |     6 |    72 |   279 |   276 ||   633
       Unarmed           |       |       |    12 |       ||    12
       Shillelagh        |       |       |       |   147 ||   147
Throw: Throwing net      |       |     1 |       |       ||     1
Invok: Divine Shield     |       |       |       |     1 ||     1
 Abil: Dig               |       |     1 |     5 |     6 ||    12
       Shaft Self        |       |       |       |     1 ||     1
Evoke: Wand              |       |       |       |     8 ||     8
  Use: Potion            |       |       |     5 |     6 ||    11
       Scroll            |       |       |    15 |     9 ||    24
Armor: Scale mail        |    35 |    35 |   107 |    43 ||   220
       Skin              |       |       |     2 |       ||     2
       Chain mail        |       |       |       |   146 ||   146
Dodge: Dodged            |    39 |    23 |   117 |   177 ||   356
Block: Buckler           |    15 |    13 |    49 |   115 ||   192
